Unix NetHack Version 5.0.0-0 post-release - last build May 31 2026 23:59:36 (970b52f25bf058293b47ddfd14a1e40e571c508c,branch:main).

Game began 2026-06-04 01:44:34, ended 2026-06-04 02:47:43.

DaveT, lawful male human Priest

                                -------- ------
                                |<|>...---.`..|
                                |^|-..........|
                                |^||.```|.....|
                                |.||`...|@e..%|
                                |.|------@----|
                                |.|    |..h...|
                                |^------......|
                                |.[...^.......|
                                |..-----......|
                                ----   --------

DaveT the Adept              St:14 Dx:15 Co:18 In:11 Wi:17 Ch:10  Lawful
Dlvl:6  $:58 HP:0(90) Pw:108(108) AC:-2 Xp:9 T:12557  Burdened

Latest messages:
 A mysterious force prevents the tengu from teleporting!
 A mysterious force prevents the tengu from teleporting!
 A mysterious force prevents the tengu from teleporting!
 A mysterious force prevents the tengu from teleporting!
 A mysterious force prevents the tengu from teleporting!
 The Green-elf picks up a white gem.
 A mysterious force prevents the tengu from teleporting!
 A mysterious force prevents the tengu from teleporting!
 A mysterious force prevents the tengu from teleporting!
 The Green-elf hits!
 The Green-elf hits!
 The Green-elf just misses!
 A mysterious force prevents the tengu from teleporting!
 The Green-elf hits!
 The Green-elf just misses!
 A mysterious force prevents the tengu from teleporting!
 The Green-elf hits!
 The Green-elf hits!
 The Green-elf hits!
 The Green-elf hits!
 The Green-elf misses!
 The Green-elf hits!
 The Green-elf hits!
 The Green-elf hits!
 The Green-elf hits!
 The Green-elf hits!
 The Green-elf hits!
 The Green-elf hits!
 The Green-elf hits!
 The Green-elf hits!
 The Green-elf hits!
 The Green-elf hits!
 The Green-elf just misses!
 The Green-elf hits!
 The Green-elf misses!
 The Green-elf hits!
 The Green-elf hits!
 The Green-elf hits!
 The Green-elf hits!
 The Green-elf hits!
 The Green-elf hits!
 The Green-elf misses!
 The Green-elf hits!
 The Green-elf hits!
 The Green-elf hits!
 The Green-elf hits!
 The Green-elf hits!
 You die...
 Do you want your possessions identified? [ynq] (y) y
 Do you want to see your attributes? [ynq] (y) q

Inventory:
 Coins    ('$')
  $ - 58 gold pieces
 Weapons  (')')
  W - a +1 dart
  B - 17 +0 darts
  l - 2 +0 orcish daggers
  E - a blessed +2 aklys
  w - the +1 Demonbane (weapon in right hand)
 Armor    ('[')
  p - a +0 orcish helm (being worn)
  Z - a very burnt +0 pair of gauntlets of dexterity (being worn)
  R - a +0 pair of high boots (being worn)
  S - a +3 large shield (being worn)
  c - a +0 mummy wrapping
  b - a +0 robe (being worn)
  J - a burnt +0 studded leather armor (being worn)
 Comestibles  ('%')
  D - 3 food rations
  s - a fortune cookie
  j - a lichen corpse
  V - 2 lizard corpses
 Scrolls  ('?')
  G - 2 scrolls of earth
  u - a cursed scroll of enchant weapon
  o - a cursed scroll of teleportation
 Spellbooks  ('+')
  q - a spellbook of chain lightning
 Potions  ('!')
  y - a blessed potion of extra healing
  h - a potion of gain energy
  x - a potion of healing
  n - a potion of water
 Rings    ('=')
  F - a +3 ring of adornment
  P - a +1 ring of increase accuracy (on left hand)
 Wands    ('/')
  A - a wand of fire (0:7)
  t - a wand of light (0:11)
  r - a wand of secret door detection (0:11)
  z - a wand of striking (0:6)
  N - a wand of striking (0:6)
 Tools    ('(')
  g - a sack containing 11 items
  i - an oil lamp
  C - a +0 pick-axe
  k - a skeleton key
  Y - a +0 unicorn horn

Contents of the sack:
  1763 gold pieces
  a blessed +1 mace
  a +0 mummy wrapping
  a scroll of confuse monster
  a cursed scroll of enchant armor
  a scroll of food detection
  3 scrolls of identify
  a spellbook of force bolt
  a potion of healing
  a skeleton key
  a worthless piece of orange glass

DaveT the Priest's attributes:

Background:
 You were an Adept, a level 9 human Priest.
 You were lawful, on a mission for Anu
 who was opposed by Ishtar (neutral) and Anshar (chaotic).
 You were right-handed.
 You were in Sokoban, on level 6.
 You entered the dungeon 12557 turns ago.
 It was nighttime.
 You had 3412 experience points, 1708 more were needed to attain level 10.

Basics:
 You had 0 out of 90 hit points.
 You had all 108 energy points (spell power).
 Your armor class was -2.
 Your wallet contained 58 zorkmids, and
 you had 1763 more stashed away in your pack.
 Autopickup was off.

Final Characteristics:
 Your strength was 14 (limit:18/100).
 Your dexterity was 15 (limit:18).
 Your constitution was 18 (limit:18).
 Your intelligence was 11 (limit:18).
 Your wisdom was 17 (limit:18).
 Your charisma was 10 (limit:18).

Final Status:
 You were chained to a heavy iron ball.
 You weren't hungry.
 You were burdened; movement was slightly slowed.
 You were wielding a mace.
 You had expert skill with mace.

Final Attributes:
 You were piously aligned.
 You were cold resistant.
 You were sleep resistant.
 You were telepathic.
 You had a small bonus to hit (+1).
 You were guarded.
 Your spell casting was enhanced by wearing a robe.
 You are dead.

Miscellaneous:
 You didn't encounter any bones levels.
 Total elapsed playing time was 1 hour, 3 minutes and 8 seconds.

Major events:
 Turn
    1: DaveT the lawful human Priest entered the dungeon
  483: attained the rank of Acolyte (level 3)
  524: was bestowed with Demonbane by Anu
 1944: entered the Gnomish Mines
 3202: attained the rank of Adept (level 6)
 4945: reached Mine Town
11724: entered Sokoban
12557: killed by a Green-elf, while frozen by a floating eye's gaze

Spells:
 Name                 Level Category     Fail Retention
 detect monsters        1   divination    60%   26%-50%
 healing                1   healing       55%   31%-40%
 force bolt             1   attack        60%   51%-75%

Skills:
 Fighting Skills
   bare handed combat [Unskilled]
 Weapon Skills
   club               [Unskilled]
   mace               [Expert]
   morning star       [Unskilled]
   flail              [Unskilled]
   hammer             [Unskilled]
   quarterstaff       [Unskilled]
   polearms           [Unskilled]
   spear              [Unskilled]
   trident            [Unskilled]
   lance              [Unskilled]
   bow                [Unskilled]
   sling              [Unskilled]
   crossbow           [Unskilled]
   dart               [Basic]
   shuriken           [Unskilled]
   boomerang          [Unskilled]
   unicorn horn       [Unskilled]
 Spellcasting Skills
   healing spells     [Basic]
   divination spells  [Unskilled]
   clerical spells    [Basic]

Voluntary challenges:
 Character rerolling was not enabled.
 You never genocided any monsters.
 You never polymorphed an object.
 You never changed form.
 You used no wishes.
 You did not violate any of the special Sokoban rules.
Achievements:
 You attained the rank of Acolyte.
 You entered the Gnomish Mines.
 You entered a shop.
 You attained the rank of Adept.
 You entered Minetown.
 You entered a temple.
 You entered Sokoban.

 The Dungeons of Doom: levels 1 to 8
    Level 1:
       Many altars, a fountain.
    Level 2:
    Level 3: "empty vault"
       A general store, some fountains.
       Stairs down to The Gnomish Mines.
    Level 4: "empty vault"
       A general store, an altar, a fountain.
    Level 5:
       An armor shop.
    Level 6:
       Many fountains.
    Level 7:
       An altar, a fountain, some sinks.
       Stairs up to Sokoban, level 6.
    Level 8:
 The Gnomish Mines: levels 4 to 7
    Level 4:
    Level 5:
    Level 6:
       Many shops, a temple and an altar to Anu, many fountains.
    Level 7:
 Sokoban:
    Level 6: <- You were here.
       Unsolved.
       Final resting place for
          you, killed by a Green-elf, while frozen by a floating eye's gaze.


Vanquished creatures:
  a giant mimic
  2 large mimics
  a small mimic
  a pyrolisk
  3 giant beetles
  3 wolves
  2 winter wolf cubs
  a leprechaun
 an iron piercer
  a scorpion
  a gnome ruler
 an orc mummy
 an owlbear
  a yeti
  a Green-elf
  3 lizards
  a dingo
  a housecat
  a jaguar
  a dwarf leader
  a gray unicorn
  a dust vortex
  a gnome mummy
 an ape
  2 human zombies
  a soldier ant
  2 fire ants
  2 bugbears
  a quasit
  a wood nymph
  a water nymph
  a mountain nymph
  a rock mole
  3 ponies
  3 fog clouds
  3 yellow lights
  a shrieker
  a violet fungus
 11 gnome leaders
  2 gnomish wizards
  2 kobold mummies
  3 gray oozes
 an elf zombie
  a ghoul
  2 straw golems
  9 giant ants
  4 floating eyes
  a kitten
  4 dwarves
  2 homunculi
  2 kobold leaders
  a kobold shaman
 11 hill orcs
 13 rothes
  a centipede
  2 giant bats
  a monkey
 an orc zombie
  2 werejackals
  5 iguanas
 10 killer bees
  2 acid blobs
  a coyote
  a large kobold
  2 hobgoblins
  2 giant rats
  6 cave spiders
  a brown mold
  3 yellow molds
  2 green molds
  2 red molds
 26 gnomes
 13 garter snakes
  2 gnome zombies
  2 geckos
  9 jackals
  4 foxes
  2 kobolds
  4 goblins
 15 sewer rats
 10 grid bugs
  a bat
 10 lichens
  3 kobold zombies
  7 newts
276 creatures vanquished.

No species were genocided or became extinct.

Game over:
                       ----------
                      /          \
                     /    REST    \
                    /      IN      \
                   /     PEACE      \
                  /                  \
                  |      DaveT       |
                  |     1821 Au      |
                  |   killed by a    |
                  |    Green-elf     |
                  |                  |
                  |                  |
                  |       2026       |
                 *|     *  *  *      | *
        _________)/\\_//(\/(/\)/\//\/|_)_______

Goodbye DaveT the Priest...

You died in Sokoban on dungeon level 6 with 15807 points,
and 1821 pieces of gold, after 12557 moves.
You were level 9 with a maximum of 90 hit points when you died.

